 Dungeon Crawl Stone Soup version 0.30.0-13-g156ef70053 (webtiles) character file.

Game seed: 1805258777580482180

28 monsoonserge the Vexing (level 3, 0/28 HPs)
             Began as a Meteoran Hexslinger on May 17, 2023.
             Slain by Natasha (1 damage)
             ... on level 2 of the Dungeon.
             The game lasted 00:02:52 (404 turns).

monsoonserge the Vexing (Meteoran Hexslinger)        Turns: 404, Time: 00:02:53

Health: 0/28       AC:  2    Str: 12    XL:     3   Next: 47%
Magic:  6/6        EV: 13    Int: 16    God:
Gold:   61         SH:  0    Dex: 14    Spells: 3/4 levels left

rFire   . . .        a - +1 sling
rCold   . . .        (no shield)
rNeg    . . .        c - +0 robe
rPois   .            (no helmet)
rElec   .            (no cloak)
rCorr   .            (no gloves)
SInv    .            (no boots)
Will    .....        f - amulet of regeneration
Stlth   +            (no ring)
HPRegen 1.04/turn    (no ring)
MPRegen 0.10/turn

%: no passive effects
@: slowed, glowing, very slow
A: sense surroundings 1, otherworldly, glowing, explore regen
a: no special abilities


You were on level 2 of the Dungeon.
You visited 1 branch of the dungeon, and saw 2 of its levels.

You collected 61 gold pieces.

Inventory:

Hand Weapons
 a - a +1 sling (weapon)
 k - a +1 vampiric hand axe
Missiles
 j - 4 javelins
Armour
 c - a +0 robe (worn)
Magical Staves
 m - a staff of cold
Jewellery
 f - an amulet of regeneration (around neck)
Scrolls
 b - a scroll of poison
 e - a scroll of magic mapping {unknown}
 g - 3 scrolls of identify {unknown}
 h - a scroll of amnesia {unknown}
 i - a scroll of vulnerability {unknown}
Potions
 d - a potion of curing {unknown}
 l - 2 potions of flight {unknown}


   Skills:
 + Level 1.3 Fighting
 + Level 2.7 Ranged Weapons
 + Level 2.9 Dodging
 + Level 1.3 Spellcasting
 + Level 4.3 Hexes


You had 3 spell levels left.
You knew the following spells:

 Your Spells              Type           Power      Damage    Failure   Level
a - Slow                  Hex            60%        N/A       3%          1

Your spell library contained the following spells:

 Spells                   Type           Power      Damage    Failure   Level
 Inner Flame              Hex/Fire       8%         N/A       26%         3
 Portal Projectile        Hex/Tloc       16%        N/A       26%         3
 Cause Fear               Hex            7%         N/A       36%         4


Dungeon Overview and Level Annotations

Branches:
Dungeon (2/15) Zot: 775

Altars:

Annotations:
D:2 Natasha


Innate Abilities, Weirdness & Mutations

You passively map a small area around you.
You are easily found by Zot.
You glow in the dark.
You regain HP and MP as you explore.


Message History

You feel yourself slow down.
Casting: Slow (safe; 3% risk of failure)
Confirm with . or Enter, or press ? or * to list all spells.
Aiming: Slow (safe; 3% risk of failure)
Press: ? - help, Shift-Dir - straight line, f - Natasha
Aim: Natasha (chance to affect: 49%) Natasha seems to slow down.
The cerulean imp misses you.
Natasha howls an incantation.
You feel troubled. Natasha barely misses you.
You shoot a sling bullet.
The sling bullet closely misses Natasha.
The cerulean imp hits you from afar with a +0 spear.
The cerulean imp barely misses you. Natasha claws you.
You shoot a sling bullet.
The sling bullet hits Natasha but does no damage.
The cerulean imp misses you. Natasha claws you but does no damage.
The cerulean imp hits you from afar with a +0 spear.
You shoot a sling bullet.
The sling bullet completely misses Natasha.
The cerulean imp hits you from afar with a +0 spear.
Natasha claws you. The cerulean imp misses you.
You aren't carrying any items that you can evoke.
You shoot a sling bullet.
The sling bullet closely misses Natasha.
Natasha closely misses you.
The cerulean imp hits you from afar with a +0 spear.
Natasha claws you.
The cerulean imp hits you but does no damage.
You shoot a sling bullet. The sling bullet barely misses Natasha.
The cerulean imp hits you from afar with a +0 spear.
Natasha claws you.
The cerulean imp hits you but does no damage.
You shoot a sling bullet. The sling bullet barely misses Natasha.
The cerulean imp closely misses you. Natasha claws you.
* * * LOW HITPOINT WARNING * * *
The cerulean imp hits you from afar with a +0 spear.
* * * LOW HITPOINT WARNING * * *
Natasha claws you.
You die...

, ### * #.., ,
, #.# ,,, #.#
...####.####.#
,
,.....!.5.....#
,,* ###h# * ,*
#.@.# ** #.###
#.# ## #.#
,,.## #.#
####**..# #.#
....# #.# #.#
..8..##.# #.#
....oo#.## #.#


You could see Natasha (slow) and a cerulean imp (summoned).

Vanquished Creatures
  A dart slug (D:2)
  3 ball pythons
  2 bats (D:1)
  3 endoplasms (D:1)
  2 giant cockroaches (D:1)
  3 jackals (D:1)
  2 kobolds (D:1)
  2 quokkas
  A frilled lizard (D:1)
  3 rats (D:1)
22 creatures vanquished.

Notes
Turn   | Place    | Note
-------+----------+-------------------------------------------
     0 | D:1      | monsoonserge the Meteoran Hexslinger began the quest for
                  | the Orb.
     0 | D:1      | Reached XP level 1. HP: 16/16 MP: 3/3
    54 | D:1      | Reached skill level 4 in Hexes
    54 | D:1      | Reached XP level 2. HP: 15/23 MP: 5/5
   152 | D:1      | Reached XP level 3. HP: 28/28 MP: 6/6
   391 | D:2      | Noticed Natasha
   404 | D:2      | HP: 1/28 [cerulean imp/+0 spear[Natasha] (4)]
   404 | D:2      | Slain by Natasha

Illustrated notes

Levels and vault maps discovered:
D:1:      ncdulo_smallfort, layout_basic, minmay_tromino_v2
D:2:      cheibrodos_pilgrimage, layout_loops_ring,
          shapermc_ecumenical_altar_petra, uniq_natasha

Skill      XL: |  1 |
---------------+----+-----
Hexes          | 4 |  4.3
Fighting       | |  1.3
Ranged Weapons | |  2.7
Dodging        | |  2.9
Spellcasting   | |  1.3

Action                     || total
---------------------------++-------
   Fire: Sling             ||    55
   Cast: Slow              ||     4
 Armour: Robe              ||    11
  Dodge: Dodged            ||    29
